 Dungeon Crawl Stone Soup version 0.27.1-33-g824d729ab1 (webtiles) character file.

Game seed: 7000212172523351318

74 pkoi the Ruffian (level 4, -8/35 HPs)
             Began as a Draconian Artificer on Nov 30, 2021.
             Mangled by an iguana (15 damage)
             ... on level 3 of the Dungeon.
             The game lasted 00:02:13 (3133 turns).

pkoi the Ruffian (Draconian Artificer)              Turns: 3133, Time: 00:02:14

Health: -8/35      AC:  6    Str: 14    XL:     4   Next: 9%
Magic:  4/4        EV: 12    Int: 13    God:
Gold:   120        SH:  0    Dex: 11    Spells: 3/3 levels left

rFire    . . .     SeeInvis .   a - +0 club
rCold    . . .     Faith    .   (no shield)
rNeg     . . .     Spirit   .   (armour unavailable)
rPois    .         Reflect  .   (helmet restricted)
rElec    .         Harm     .   (no cloak)
rCorr    .         Rampage  .   l - +0 pair of gloves
Will     .....                  (no boots)
Stlth    +.........             (no amulet)
HPRegen  0.11/turn              f - ring of flight
MPRegen  0.09/turn              (no ring)

@: flying
A: AC +5, unfitting armour, cold-blooded
a: no special abilities


You were on level 3 of the Dungeon.
You visited 1 branch of the dungeon, and saw 3 of its levels.

You collected 120 gold pieces.

Inventory:

Hand Weapons
 a - a +0 club (weapon)
Armour
 l - a +0 pair of gloves (worn)
Jewellery
 f - a ring of flight (left hand)
 k - an amulet of guardian spirit
Wands
 b - a wand of flame (2) (quivered)
 c - a wand of charming (15)
 n - a wand of digging (5)
Scrolls
 e - 3 scrolls of identify {unknown}
 i - a scroll of immolation {unknown}
 j - a scroll of summoning {unknown}
 p - a scroll of magic mapping {unknown}
Potions
 g - 2 potions of heal wounds {unknown}
 h - 2 potions of flight {unknown}
 m - 2 potions of invisibility {unknown}
 o - a potion of lignification {unknown}
Miscellaneous
 d - a piece from Xom's chessboard (12/15)


   Skills:
 - Level 1.1 Fighting
 - Level 2.1 Dodging
 - Level 0.8 Stealth
 * Level 3.4 Unarmed Combat
 + Level 3.3 Evocations


You had 3 spell levels left.
You didn't know any spells.
Your spell library was empty.

Dungeon Overview and Level Annotations

Branches:
Dungeon (3/15)

Altars:

Shops:
D:2 *


Innate Abilities, Weirdness & Mutations

Your plain brown scales are hard. (AC +5)
You cannot fit into any form of body armour.
You are cold-blooded and may be slowed by cold attacks.


Message History

You hit the adder.
You kill the adder!
You have reached level 4!
You feel clever.
You start resting.
HP restored.
Found a scroll labelled KOITEYCVAS.
p - a scroll labelled KOITEYCVAS A rat comes into view.
You hit the rat.
The rat is heavily wounded.
The rat completely misses you.
You hit the rat.
You kill the rat!
Found a scroll labelled DOBIHI AKAV.
You see here a rat corpse.
An iguana comes into view.
An iguana is nearby!
An iguana is nearby!
The iguana hisses angrily.
The puff of flame hits the iguana.
The iguana is moderately wounded.
Okay, then.
Unknown command.
You make a move on Xom's chessboard...
The iguana seems to grow stronger.
You hit the iguana but do no damage.
The iguana is moderately wounded.
The iguana bites you.
You hit the iguana but do no damage.
The iguana is moderately wounded.
The iguana closely misses you. x2
You hit the iguana but do no damage.
The iguana is moderately wounded.
The iguana bites you!
You make a move on Xom's chessboard...
The iguana struggles to resist.
The iguana bites you!
* * * LOW HITPOINT WARNING * * *
You make a move on Xom's chessboard...
The iguana is outlined in light.
The iguana bites you!
You die...

#......+ #......#
#############......#####
........................
###.############†#######.
.........................
###.###########...######.
###.## #...# .....# #.@.#
.....# #.l.# .....# ##.##
.....# ..? .....########
#.# ............. ...
.....######## ##.
....######## .
............


You could see an iguana (strong, corona).

Vanquished Creatures
  4 adders
  A worm (D:2)
  6 endoplasms
  4 giant cockroaches
  4 goblins (D:2)
  4 hobgoblins
  A quokka (D:2)
  A ball python (D:2)
  A bat (D:1)
  A frilled lizard (D:1)
  2 kobolds (D:1)
  5 rats
34 creatures vanquished.

Vanquished Creatures (others)
  2 plants (D:1)
  5 toadstools (D:1)
7 creatures vanquished.

Grand Total: 41 creatures vanquished

Notes
Turn   | Place    | Note
-------+----------+-------------------------------------------
     0 | D:1      | pkoi the Draconian Artificer began the quest for the Orb.
     0 | D:1      | Reached XP level 1. HP: 16/16 MP: 1/1
   115 | D:1      | Found a faded altar of an unknown god.
   151 | D:1      | Reached skill level 1 in Unarmed Combat
   396 | D:1      | Reached XP level 2. HP: 22/23 MP: 2/2
  1131 | D:2      | Reached XP level 3. HP: 25/28 MP: 3/3
  1545 | D:2      | Found Duoginyi's Assorted Antiques.
  3087 | D:3      | Reached XP level 4. HP: 32/35 MP: 4/4
  3133 | D:3      | Mangled by an iguana

Illustrated notes

Levels and vault maps discovered:
D:1:      ldierk_walled_garden, layout_rooms, shapermc_ecumenical_altar_venn,
          serial_bayou_lagoon_b
D:2:      layout_basic, serial_shops, nicolae_shop_trees
D:3:      layout_basic, nicolae_overflow_quartered_altars, minmay_fountain_box,
          uniq_natasha, uniq_terence

Skill      XL: |  1  2  3 |
---------------+----------+-----
Unarmed Combat | 1 2 3 |  3.4
Fighting       | |  1.1
Dodging        | |  2.1
Stealth        | |  0.8
Evocations     | |  3.3

Action                   |  1- 3 |  4- 6 || total
-------------------------+-------+-------++-------
Melee: Club              |   125 |     5 ||   130
       Tailslap          |    15 |       ||    15
       Punch             |     2 |       ||     2
Evoke: Wand              |    12 |     1 ||    13
       Piece from Xom's  |       |     3 ||     3
 Stab: Sleeping          |     2 |       ||     2
Armor: Skin              |    45 |       ||    45
Dodge: Dodged            |    75 |     3 ||    78
